 Dungeon Crawl Stone Soup version 0.19-a0-1496-gfc80c20 (webtiles) character file.

12847 Geomchi the Nimble (level 11, 0/89 HPs)
             Began as a Merfolk Transmuter on Sept 10, 2016.
             Was an Elder of Cheibriados.
             Slain by Urug
             ... wielding a +2 broad axe of chopping
              (34 damage)
             ... on level 3 of the Lair of Beasts.
             The game lasted 00:17:58 (15100 turns).

Geomchi the Nimble (Merfolk Transmuter)            Turns: 15100, Time: 00:17:59

Health: 0/89       AC:  3    Str: 20    XL:     11   Next: 99%
Magic:  16/20      EV: 35    Int: 25    God:    Cheibriados [****..]
Gold:   637        SH:  0    Dex: 28    Spells: 5 memorised, 3 levels left

rFire  . . .     SeeInvis .       - Unarmed
rCold  . . .     Gourm    .     (armour currently unavailable)
rNeg   . . .     Faith    .     (shield currently unavailable)
rPois  .         Spirit   .     (helmet currently unavailable)
rElec  .         Dismiss  .     (cloak currently unavailable)
rCorr  .         Reflect  .     (gloves currently unavailable)
MR     .....     Harm     .     (boots currently unavailable)
Stlth  ++........               (no amulet)
                                B - ring of poison resistance
                                m - +1 ring of protection

@: spider-form, very slow
A: (change form in water), (swift swim), (stealthy swim)
a: End Transformation, Bend Time, Temporal Distortion, Slouch, Renounce Religion


You were on level 3 of the Lair of Beasts.
You worshipped Cheibriados.
Cheibriados was greatly pleased with you.
You were hungry.
You were a venomous arachnid creature.
You visited 3 branches of the dungeon, and saw 12 of its levels.
You also visited: Ossuary.

You collected 637 gold pieces.

Inventory:

Missiles
 a - 279 arrows
Armour
 b - a +0 robe (melded)
 n - a +0 cloak (melded)
 s - a +0 leather armour of fire resistance
 J - a +0 helmet (melded)
Jewellery
 j - an uncursed ring of positive energy
 m - a +1 ring of protection (left front leg)
 q - an uncursed ring of protection from fire
 B - a ring of poison resistance (right front leg)
 K - an uncursed ring of ice
Wands
 l - a wand of random effects (36/48)
 p - a wand of acid (7/15)
 C - a wand of iceblast (11/15)
 F - a wand of teleportation (6/9)
 G - a wand of slowing (25/48)
Scrolls
 e - 8 scrolls of remove curse
 i - 5 scrolls of recharging
 r - 3 scrolls of amnesia
 w - 2 scrolls of teleportation
 x - a scroll of enchant weapon {unknown}
 y - a scroll of enchant armour
 z - a scroll of brand weapon
 A - a scroll of holy word
 E - a scroll of immolation {unknown}
 H - a scroll of vulnerability {unknown}
 L - a scroll of fear {unknown}
Potions
 f - 2 potions of lignification
 g - 2 potions of curing
 h - 4 potions of flight
 k - 3 potions of heal wounds
 u - a potion of cure mutation
 v - 2 potions of brilliance
 I - a potion of agility {unknown}
Books
 c - a book of Changes

   Spells                             Type                      Level
   a - Beastly Appendage              Transmutation                1
   b - Sticks to Snakes               Transmutation                2
   c - Spider Form                    Transmutation/Poison         3
   d - Ice Form                       Ice/Transmutation            4
   e - Blade Hands                    Transmutation                5
 D - a Fen Folio

   Spells                             Type                      Level
   a - Corpse Rot                     Necromancy                   2
   b - Stone Arrow                    Conjuration/Earth            3
   c - Leda's Liquefaction            Hexes/Earth                  4
   d - Summon Forest                  Summoning/Translocation      5
   e - Hydra Form                     Transmutation                6
   f - Summon Hydra                   Summoning                    7
Comestibles
 d - 10 bread rations {@e1}
 o - 4 meat rations {@e2}
 t - 17 fruits


   Skills:
 + Level 9.1 Fighting
 - Level 12.0 Dodging
 + Level 10.1 Unarmed Combat
 + Level 6.4 Spellcasting
 - Level 10.0 Transmutations
 - Level 4.0 Ice Magic
 + Level 4.0 Invocations


You had 3 spell levels left.
You knew the following spells:

 Your Spells              Type           Power        Failure   Level  Hunger
a - Blade Hands           Tmut           ######....   12%         5    #####..
b - Spider Form           Tmut/Pois      ####......   10%         3    None
c - Ice Form              Ice/Tmut       #####...     14%         4    ###....
d - Hydra Form            Tmut           ######....   41%         6    ######.
m - Beastly Appendage     Tmut           ######       1%          1    None


Dungeon Overview and Level Annotations

Branches:
Dungeon (8/15)             Temple (1/1) D:6            Lair (3/6) D:8
  Swamp: Lair:2-4    Shoals: Lair:2-4     Snake: Lair:2-4    Spider: Lair:2-4

Altars:
Ashenzari
Cheibriados
Dithmenos
Elyvilon
Fedhas
Gozag
Hepliaklqana
Kikubaaqudgha
Makhleb
Nemelex Xobeh
Okawaru
Qazlal
Ru
Sif Muna
Trog
Uskayaw
Vehumet
Xom
Yredelemnul
Zin
The Shining One
Beogh

Annotations:
Lair:3 Urug


Message History

You hit Urug. You freeze Urug. You hit Urug. You freeze Urug.
Urug hits you with a broad axe of chopping!!
* * * LOW HITPOINT WARNING * * *
x2 You take 35 damage, and have 8/106 hp.
MASSIVE DAMAGE!!
You feel much better. Urug hits you but does no damage.
You regained 31 hp, and now have 39/106 hp.
Okay, then.
Unknown command.
Urug completely misses you.
There is a stone staircase leading down here.
Urug closely misses you.
You warm up again.
Your +0 cloak unmelds from your body.
Your +0 helmet unmelds from your body.
Your +0 robe unmelds from your body.
You turn into a venomous arachnid creature.
Your +0 cloak melds into your body.
Your +0 helmet melds into your body.
Your +0 robe melds into your body.
Urug hits you with a broad axe of chopping!!
You die...

#≈.Po...# #. ♣........
#≈.....### #. ♣........
#≈.)..#(.# #. ♣........
#≈..#.(### ####.♣♣♣♣........
#≈.##(.# #.##.............
#≈..#(######..##....#.###...
#≈..#..#.......#...#### ###.
#≈..#....>.........P#####.#.
≈≈...##.#.os................
≈≈≈.##
##..)(................ ≈≈≈..
##...........#####.#. ≈≈
#..........## #### ≈
#......#...########.
#....###.#.#.P#.#... ##..##
.#........... ...#
#P.....<.... ##P........#


You could see Urug.

Vanquished Creatures
  Erica (D:8)
  Pikel (D:6)
  A cyclops (D:6)
  A black mamba (Lair:2)
  Psyche (D:8)
  5 spiny frogs
  A rime drake (Lair:2)
  A komodo dragon (Lair:1)
  A polar bear (Lair:1)
  15 blink frogs (Lair:1)
  Grinder (D:6)
  2 spriggans
  Sigmund (D:6)
  A yak (D:8)
  3 hippogriffs
  Menkaure (D:7)
  3 water moccasins (Lair:1)
  A porcupine (Lair:2)
  2 orc warriors
  A wasp (Lair:2)
  2 ice beasts
  5 phantoms
  A wolf (Lair:1)
  4 ogres
  2 centaurs
  6 crocodiles (Lair:1)
  3 big kobolds
  6 giant frogs
  A scorpion (D:4)
  An electric eel (Lair:3)
  11 wights
  A crimson imp (D:6)
  A quasit (D:7)
  4 hounds
  6 orc priests
  2 jellies (D:8)
  Crazy Yiuf (D:6)
  4 orc wizards
  A giant frog skeleton (D:7)
  2 iguanas
  6 worker ants
  A hound zombie (D:8)
  2 mummies (Ossuary)
  4 gnolls (D:4)
  10 adders
  9 river rats (Lair:2)
  A shadow imp (D:5)
  2 adder zombies
  4 worms
  9 giant geckos
  10 orcs
  9 bats
  7 giant cockroaches
  9 goblins
  6 hobgoblins
  17 jackals
  4 quokkas
  A ball python (D:2)
  5 giant newts
  2 hobgoblin zombies (Ossuary)
  18 kobolds
  3 kobold zombies (Ossuary)
  An orc zombie (Ossuary)
  A quokka zombie (D:7)
  14 rats
263 creatures vanquished.

Vanquished Creatures (others)
  A giant frog (D:6)
  2 kobolds (D:6)
  6 fungi
9 creatures vanquished.

Grand Total: 272 creatures vanquished

Notes
Turn   | Place    | Note
-------+----------+-------------------------------------------
     0 | D:1      | Geomchi the Merfolk Transmuter began the quest for the Orb.
     0 | D:1      | Reached XP level 1. HP: 15/15 MP: 3/3
   417 | D:1      | Reached XP level 2. HP: 21/21 MP: 3/5
  1147 | D:2      | Reached XP level 3. HP: 14/26 MP: 4/6
  1511 | D:2      | Learned a level 3 spell: Spider Form
  2030 | D:2      | Reached XP level 4. HP: 32/32 MP: 5/7
  3090 | D:3      | Reached XP level 5. HP: 38/39 MP: 6/8
  3170 | D:3      | Reached skill level 5 in Unarmed Combat
  3499 | D:4      | Noticed an ogre
  3510 | D:4      | Killed an ogre
  3514 | D:4      | Reached XP level 6. HP: 48/48 MP: 3/9
  3515 | D:4      | Noticed a phantom
  3679 | D:4      | Noticed a phantom
  3693 | D:4      | Killed a phantom
  3840 | D:4      | Found a sand-covered staircase.
  3874 | Ossuary  | Entered an ossuary
  3917 | Ossuary  | Reached skill level 5 in Fighting
  4294 | D:4      | Reached XP level 7. HP: 48/56 MP: 10/10
  4583 | D:4      | Reached skill level 3 in Dodging
  4990 | D:4      | Reached skill level 4 in Dodging
  5306 | D:5      | Entered Level 5 of the Dungeon
  5675 | D:5      | Reached XP level 8. HP: 46/64 MP: 8/11
  5808 | D:5      | Reached skill level 5 in Dodging
  6516 | D:6      | Noticed Pikel
  6532 | D:6      | Killed Pikel
  6532 | D:6      | Reached skill level 7 in Dodging
  6894 | D:6      | Reached XP level 9. HP: 67/72 MP: 10/12
  6950 | D:6      | Found a staircase to the Ecumenical Temple.
  6971 | Temple   | Entered the Ecumenical Temple
  7595 | Temple   | Became a worshipper of Cheibriados the Contemplative
  7636 | D:6      | Noticed Grinder
  7652 | D:6      | Killed Grinder
  7763 | D:6      | Noticed a cyclops
  7772 | D:6      | Killed a cyclops
  7772 | D:6      | Reached skill level 8 in Dodging
  7969 | D:6      | Noticed Sigmund
  7980 | D:6      | Killed Sigmund
  8065 | D:6      | Found a runed door.
  8111 | D:6      | Noticed Crazy Yiuf
  8117 | D:6      | Killed Crazy Yiuf
  8844 | D:7      | Noticed Menkaure
  8852 | D:7      | Killed Menkaure
  8852 | D:7      | Reached skill level 9 in Dodging
  9244 | D:7      | Reached * piety under Cheibriados
  9357 | D:7      | Reached XP level 10. HP: 49/83 MP: 13/13
  9664 | D:7      | Found a glowing golden altar of the Shining One.
  9998 | D:7      | Reached skill level 5 in Transmutations
 10067 | D:8      | Found a staircase to the Lair.
 10071 | D:8      | Reached skill level 10 in Dodging
 10076 | D:8      | Reached skill level 10 in Unarmed Combat
 10089 | D:8      | Noticed Erica
 10108 | D:8      | Killed Erica
 10108 | D:8      | Reached ** piety under Cheibriados
 10624 | D:8      | Noticed Psyche
 10639 | D:8      | Killed Psyche
 10639 | D:8      | Reached skill level 11 in Dodging
 10888 | D:8      | Found a roughly hewn altar of Beogh.
 10989 | Lair:1   | Entered Level 1 of the Lair of Beasts
 10995 | Lair:1   | Learned a level 4 spell: Ice Form
 11001 | Lair:1   | Learned a level 5 spell: Blade Hands
 11035 | Lair:1   | Reached skill level 1 in Ice Magic
 11038 | Lair:1   | Reached *** piety under Cheibriados
 11038 | Lair:1   | Reached XP level 11. HP: 43/89 MP: 14/17
 11323 | Lair:1   | Reached skill level 5 in Spellcasting
 12043 | Lair:1   | Reached skill level 12 in Dodging
 12525 | Lair:1   | Reached skill level 1 in Invocations
 13032 | Lair:1   | Reached **** piety under Cheibriados
 13074 | Lair:2   | Noticed a spriggan rider
 14037 | Lair:2   | Reached skill level 10 in Transmutations
 14045 | Lair:2   | Learned a level 6 spell: Hydra Form
 15074 | Lair:3   | Noticed Urug
 15100 | Lair:3   | Slain by Urug

Vault maps used:
D:1:      sevenhm_arrival_forest_fort_small_4, st_stairs_4
D:3:      kennysheep_potato
D:4:      enter_ossuary_5, cheibrodos_gnoll_hut
D:5:      first_bread, minmay_misc_feat_iff
D:6:      hangedman_abyss_or_decor_slice, uniq_crazy_yiuf_cottage, uniq_pikel,
          uniq_grinder, uniq_sigmund
D:7:      the_bakery, nicolae_tso_swordbearing_angel, uniq_menkaure
D:8:      due_lair_maze_entry_diamond, david_defended_altar_orc, uniq_psyche,
          uniq_erica
Temple:   nicolae_temple_the_god_donut
Lair:1:   cheibrodos_lair_caveside_slide, hangedman_lair_generics_rect,
          grunt_megastairs_1
Lair:2:   minmay_holes, grunt_forest_large_clearings
Lair:3:   kennysheep_snail_temple, uniq_urug, uniq_nergalle
Ossuary:  ossuary_tomb_3

Skill      XL: |  1  2  3  4  5  6  7  8  9 10 11 |
---------------+----------------------------------+-----
Transmutations | 3 4 7 10 | 10.0
Unarmed Combat | 4 5 6 8 9 10 | 10.1
Fighting       | 2 3 5 6 7 9 |  9.1
Dodging        | 4 7 9 11 12 | 12.0
Spellcasting   | 4 6 |  6.4
Ice Magic      | 1 4 |  4.0
Invocations    | 4 |  4.0

Action                   |  1- 3 |  4- 6 |  7- 9 | 10-12 || total
-------------------------+-------+-------+-------+-------++-------
Melee: Unarmed           |   123 |   199 |   306 |   362 ||   990
       Headbutt          |    12 |    24 |    14 |     1 ||    51
       Punch             |     1 |     1 |     1 |     3 ||     6
 Cast: Beastly Appendage |    27 |    21 |    15 |     1 ||    64
       Spider Form       |       |     4 |    24 |    24 ||    52
       Ice Form          |       |       |       |    13 ||    13
       Blade Hands       |       |       |       |     3 ||     3
Invok: Bend Time         |       |       |     1 |       ||     1
  Use: Scroll            |       |       |       |    14 ||    14
       Potion            |       |       |       |     2 ||     2
 Stab: Sleeping          |     2 |     3 |     1 |     3 ||     9
  Eat: Chunk             |     4 |     7 |    12 |    10 ||    33
       Pizza             |       |       |     3 |       ||     3
       Beef jerky        |       |       |     2 |     2 ||     4
       Fruit             |       |       |     1 |       ||     1
Armor: Robe              |    34 |    50 |    21 |     7 ||   112
       Skin              |       |       |    11 |    19 ||    30
Dodge: Dodged            |   100 |   140 |   240 |   457 ||   937
